 Dungeon Crawl Stone Soup version 0.27.1 (webtiles) character file.

Game seed: 25569018253161446

60 AIAndy the Skirmisher (level 3, -2/30 HPs)
             Began as a Demonspawn Fighter on Aug 26, 2021.
             Slain by a worm (9 damage)
             ... on level 2 of the Dungeon.
             The game lasted 00:03:52 (1334 turns).

AIAndy the Skirmisher (Demonspawn Fighter)          Turns: 1334, Time: 00:03:53

Health: -2/30      AC:  6    Str: 16    XL:     3   Next: 82%
Magic:  3/3        EV:  7    Int: 10    God:
Gold:   10         SH:  9    Dex: 12    Spells: 2/2 levels left

rFire    . . .     SeeInvis .   a - +0 rapier
rCold    . . .     Faith    .   c - +0 kite shield
rNeg     . . .     Spirit   .   b - +0 scale mail
rPois    .         Reflect  .   (no helmet)
rElec    .         Harm     .   (no cloak)
rCorr    .         Rampage  .   (no gloves)
Will     .....                  (no boots)
Stlth    ..........             (no amulet)
HPRegen  0.10/turn              (no ring)
MPRegen  0.08/turn              (no ring)

@: no status effects
A: spiny 1
a: no special abilities


You were on level 2 of the Dungeon.
You visited 1 branch of the dungeon, and saw 2 of its levels.

You collected 10 gold pieces.


Innate Abilities, Weirdness & Mutations

You are partially covered in sharp spines.


   Skills:
 + Level 4.0 Fighting
 - Level 1.7 Short Blades
 - Level 2.6 Armour
 + Level 3.6 Shields


You had 2 spell levels left.
You didn't know any spells.
Your spell library was empty.

Inventory:

Hand Weapons
 a - a +0 rapier (weapon)
Missiles
 e - 69 stones (quivered)
Armour
 b - a +0 scale mail (worn)
 c - a +0 kite shield (worn)
Scrolls
 g - 2 scrolls of teleportation {unknown}
 h - a scroll of vulnerability {unknown}
Potions
 d - a potion of might
 f - a potion of heal wounds {unknown}

Dungeon Overview and Level Annotations

Branches:
Dungeon (2/15)

Altars:

. #. .# # #. #. ..#
#.##.#. ...#
.....#######...##
####.##............
#.(................
#...S..)......
#w######....#. #@#
...# #.# ..# #.# .#
.># # ###


You could see a worm.


Message History

The crimson imp disappears in a puff of smoke!
The ball python closely misses you.
Your Fighting skill increases to level 4!
The ball python bites you.
You puncture the ball python!
You kill the ball python!
You hit the worm.
The worm is lightly wounded.
The worm bites you.
You barely miss the worm.
The worm is lightly wounded.
The worm bites you.
You hit the worm.
The worm is moderately wounded.
You hit the worm but do no damage.
The worm is moderately wounded.
The worm is struck by your spines. The worm bites you.
* * * LOW HITPOINT WARNING * * *
You are too injured to fight recklessly!
You puncture the worm!
The worm is almost dead.
The worm bites you but does no damage.
You barely miss the worm.
The worm is almost dead.
The worm bites you!
* * * LOW HITPOINT WARNING * * *
You hit the worm but do no damage.
The worm is severely wounded.
The worm is struck by your spines. The worm bites you!
You die...

Skill      XL: |  1  2  3 |
---------------+----------+-----
Shields        | 3 |  3.6
Fighting       | 4 |  4.0
Short Blades   | |  1.7
Armour         | |  2.6

Action                   || total
-------------------------++-------
Melee: Rapier            ||    77
Armor: Scale mail        ||    27
Dodge: Dodged            ||    12
Block: Kite shield       ||    31

Levels and vault maps discovered:
D:1:      evilmike_arrival_rings, layout_basic,
          dilly_ecumenical_altar_fadedgnrine
D:2:      layout_loops_cross, kennysheep_generic_room_14, uniq_sigmund,
          uniq_natasha

Notes
Turn   | Place    | Note
-------+----------+-------------------------------------------
     0 | D:1      | AIAndy the Demonspawn Fighter began the quest for the Orb.
     0 | D:1      | Reached XP level 1. HP: 18/18 MP: 1/1
   198 | D:1      | Reached skill level 3 in Shields
   198 | D:1      | Gained mutation: You are partially covered in sharp spines.
                  | [demonic ancestry]
   198 | D:1      | Reached XP level 2. HP: 23/24 MP: 2/2
   738 | D:1      | Reached XP level 3. HP: 25/30 MP: 3/3
   956 | D:1      | Found a faded altar of an unknown god.
  1309 | D:2      | Noticed Natasha
  1325 | D:2      | Killed Natasha
  1326 | D:2      | Reached skill level 4 in Fighting
  1334 | D:2      | Slain by a worm

Vanquished Creatures
  Natasha (D:2)
  A gnoll (D:1)
  A dart slug (D:1)
  An endoplasm (D:1)
  A giant cockroach (D:1)
  2 goblins (D:1)
  2 hobgoblins (D:1)
  4 kobolds
  2 quokkas (D:1)
  2 ball pythons
  3 frilled lizards (D:1)
  6 rats (D:1)
26 creatures vanquished.

Table legend: (Time is in decaauts)
 A = Elapsed time spent in this place.
 B = Non-inter-level travel time spent in this place.
 C = Inter-level travel time spent in this place.
 D = Time resting spent in this place.
 E = Time spent auto-exploring this place.
 F = Levels seen in this place.
 G = Mean time per level.
                   A        B        C        D        E       F      G
               +--------+--------+--------+--------+--------+-----+--------+
         Total |   1361 |   1328 |     33 |    124 |   1005 |   2 |  680.5 |
       Dungeon |   1361 |   1328 |     33 |    124 |   1005 |   2 |  680.5 |
               +--------+--------+--------+--------+--------+-----+--------+

Top non-repeatable levels by time:
     D:1: 1328 daAuts
     D:2: 32 daAuts

Table legend:
 A = Non-vault XP
 B = Vault XP
 C = Vault XP percentage of total XP
 D = Non-vault monster count
 E = Vault monster count
 F = Vault count percentage of total count
                 A         B        C        D         E       F
            +---------+---------+-------+---------+---------+-------
      Total |      52 |      35 |  40.2 |      25 |       1 |   3.8
            +---------+---------+-------+---------+---------+-------
        D:1 |      50 |       0 |   0.0 |      23 |       0 |   0.0
        D:2 |       2 |      35 |  94.6 |       2 |       1 |  33.3
            +---------+---------+-------+---------+---------+-------
